cohdb
Replays
Latest Replays
All Replays
Popular Replays
Top Player Replays
Match Explorer
How It Works
Community
CoH3 Stats
Reddit
Sign in to upload your games and track your stats! →
Sign in with Steam
Match 43301623
Unlisted
Match 43301623
Overview
Messages
Build Orders
End
Construct Barracks
Selects Armored Battlegroup
Riflemen Squad
M1 Mortar Team
Riflemen Squad
Engineer Squad
Mechanized Support Center
Riflemen Squad
Construct Motor Pool
Selects Veteran Crews
M8 Greyhound Armored Car
Selects Strength in Steel
Construct Medical Station
M8 Greyhound Armored Car
Improvised Armor
Designate Forward Repair Station
M1918 Browning Automatic Rifles
Scout Squad
M1 Anti-tank Gun Team
Grenade Package
Construct Tank Depot
Riflemen Squad
Selects M31 Recovery Vehicle
M1 Anti-tank Gun Team
Selects War Machine
Selects M8 Scott SPG
Selects UNKNOWN (2160077)
M4A3E8 Sherman Easy Eight
Engineer Squad
Scout Squad
woof_raff
KubaPJCZ
gorcky17
Dr.Karl
HerrDirektor
Yarito <3
0
0
Comments
sign in to comment!
No comments posted yet!